 Dungeon Crawl Stone Soup version 0.31-a0-182-gc5ef74bbde (webtiles) character file.

Game seed: 2679912684419616099

158 qw the Chopper (level 5, -8/32 HPs)
             Began as a Gargoyle Fighter on June 20, 2023.
             Mangled by a gnoll
             ... wielding a +0 halberd of venom
              (12 damage)
             ... on level 4 of the Dungeon.
             The game lasted 00:01:00 (2361 turns).

qw the Chopper (Gargoyle Fighter)                   Turns: 2361, Time: 00:01:01

Health: -8/32      AC: 14    Str: 21    XL:     5   Next: 40%
Magic:  5/5        EV:  9    Int:  9    God:
Gold:   209        SH:  4    Dex:  9    Spells: 4/4 levels left

rFire   . . .        Y - +0 war axe
rCold   . . .        c - +0 buckler
rNeg    + . .        b - +0 scale mail
rPois   inf          k - +2 helmet
rElec   +            (no cloak)
rCorr   .            (no gloves)
SInv    +            (no boots)
Will    .....        (no amulet) Stlth
                     f - ring of see invisible
HPRegen 0.25/turn    (no ring)
MPRegen 0.09/turn

%: no passive effects
@: no status effects
A: sickness immunity, AC +4, negative energy resistance 1, electricity
resistance, torment resistance 1, petrification resistance
a: no special abilities


You were on level 4 of the Dungeon.
You visited 1 branch of the dungeon, and saw 4 of its levels.

You collected 209 gold pieces.


Innate Abilities, Weirdness & Mutations

You are immune to sickness and miasma.
Your stone body is resilient. (AC +4)
You are immune to poison.
You resist negative energy. (rN+)
You are resistant to electric shocks. (rElec)
You are resistant to unholy torment.
You are immune to petrification.


   Skills:
 + Level 3.2 Fighting
 - Level 5.0 Axes
 - Level 3.2 Armour
 - Level 3.2 Shields


You had 4 spell levels left.
You didn't know any spells.
Your spell library was empty.

Inventory:

Hand Weapons
 o - a +0 flail
 Y - a +0 war axe (weapon)
Armour
 b - a +0 scale mail (worn)
 c - a +0 buckler (worn)
 k - a +2 helmet (worn)
Jewellery
 f - a ring of see invisible (left hand)
Potions
 d - a potion of might
 e - a potion of ambrosia {unknown}
 g - a potion of lignification {unknown}
 h - a potion of curing {unknown}
 i - a potion of enlightenment {unknown}
 l - a potion of resistance {unknown}
 n - a potion of haste {unknown}

Dungeon Overview and Level Annotations

Branches:
Dungeon (4/15)
 Temple: D:4-7

Altars:

Annotations:
D:3 2 transporters, qw's ghost, amateur NaHu


Message History

The gnoll hits you with a +0 flail. You block the gnoll's attack.
You closely miss the gnoll.
The gnoll is severely wounded.
You closely miss the gnoll. You barely miss the gnoll.
The gnoll hits you but does no damage. You block the gnoll's attack.
The gnoll hits you but does no damage. x2
A dart slug comes into view.
You hit the gnoll.
The gnoll is almost dead.
You barely miss the gnoll. You slash the gnoll!
The gnoll hits you but does no damage.
The gnoll hits you from afar with a +0 halberd of venom!
The gnoll closely misses you.
The gnoll hits you but does no damage. x2
You block the gnoll's attack. The gnoll hits you with a +0 flail.
You slash the gnoll!
You kill the gnoll!
You slash the gnoll!
You kill the gnoll!
You hit the gnoll. The dart slug launches a dart at you.
The slug dart hits you but does no damage.
The gnoll barely misses you. The gnoll closely misses you.
Your Axes skill increases to level 5!
You hit the gnoll.
The gnoll is heavily wounded.
The dart slug launches a dart at you.
The slug dart hits you but does no damage.
You block the gnoll's attack. The gnoll hits you with a +0 flail.
You hit the gnoll.
The gnoll is severely wounded.
The gnoll barely misses you. The gnoll hits you but does no damage.
You barely miss the gnoll.
The gnoll is severely wounded.
The gnoll hits you but does no damage. The gnoll barely misses you.
The gnoll hits you with a +0 flail.
The gnoll hits you from afar with a +0 halberd of venom.
You completely miss the gnoll.
The gnoll is severely wounded.
The gnoll hits you from afar with a +0 halberd of venom!
You die...

..#. #.. #...#
#... #...#
#...##...###
#..........#
#.#.......## ##
#..........#....
#.....g.<....##
#...g.@...$.....
#....)).........
#....$..........
#.#...#...##....
# ##.###.## ....
.. #w# ... ./.
#.# ## ...# .#


You could see 2 gnolls and a dart slug.

Vanquished Creatures
  A scorpion (D:3)
  5 gnolls
  A worm (D:2)
  4 endoplasms
  2 giant cockroaches
  6 goblins
  6 hobgoblins
  2 quokkas
  7 ball pythons
  4 bats
  2 frilled lizards
  4 kobolds
  8 rats
52 creatures vanquished.

Notes
Turn   | Place    | Note
-------+----------+-------------------------------------------
     0 | D:1      | qw the Gargoyle Fighter began the quest for the Orb.
     0 | D:1      | Reached XP level 1. HP: 14/14 MP: 1/1
     0 | D:1      | 0 ||| qw: Version: 0.3-a-9-g12657ce
     0 | D:1      | 0 ||| qw: Game counter: 1287
     0 | D:1      | 0 ||| qw: Always use a shield: true
     0 | D:1      | 0 ||| qw: God list: Okawaru
     0 | D:1      | 0 ||| qw: Allow faded altars: false
     0 | D:1      | 0 ||| qw: Do Orc after D:15 true
     0 | D:1      | 0 ||| qw: Do second Lair branch before Depths: true
     0 | D:1      | 0 ||| qw: Lair rune preference: random
     0 | D:1      | 0 ||| qw: Plans: Normal, Zot:1-4, Slime:5, God:TSO, Crypt,
                  | Tomb, Abyss, Pan, Hells, Win
     0 | D:1      | 0 ||| PLANNING D:1-11
    82 | D:1      | Reached skill level 2 in Axes
    88 | D:1      | 88 ||| Stepping ~*~*~tactically~*~*~ (stealth).
    89 | D:1      | 89 ||| Stepping ~*~*~tactically~*~*~ (stealth).
    90 | D:1      | 90 ||| Stepping ~*~*~tactically~*~*~ (stealth).
   151 | D:1      | Reached XP level 2. HP: 19/19 MP: 2/2
   764 | D:1      | 764 ||| UPGRADING to ring of see invisible.
  1039 | D:2      | Reached skill level 3 in Axes
  1105 | D:2      | 1105 ||| Stepping ~*~*~tactically~*~*~ (stealth).
  1114 | D:2      | Reached XP level 3. HP: 15/23 MP: 3/3
  1218 | D:2      | Found a faded altar of an unknown god.
  1367 | D:2      | 1367 ||| DROPPING +0 club.
  1449 | D:2      | HP: 4/23 [worm (8)]
  1546 | D:2      | 1546 ||| UPGRADING to +2 helmet.
  1551 | D:2      | 1551 ||| READING scroll labelled QUREUL ILAV.
  1552 | D:2      | 1552 ||| READING scroll labelled WASMOQ TEFO.
  1631 | D:3      | 1631 ||| Stepping ~*~*~tactically~*~*~ (stealth).
  1858 | D:3      | Found a transporter.
  1858 | D:3      | Noticed qw's ghost (amateur NaHu)
  1861 | D:3      | Found a transporter.
  2003 | D:3      | 2003 ||| Stepping ~*~*~tactically~*~*~ (stealth).
  2054 | D:3      | Reached XP level 4. HP: 25/28 MP: 4/4
  2058 | D:3      | Reached skill level 4 in Axes
  2089 | D:3      | 2089 ||| DROPPING +0 whip.
  2124 | D:3      | Noticed a scorpion
  2141 | D:3      | Killed a scorpion
  2142 | D:3      | Reached XP level 5. HP: 30/32 MP: 5/5
  2317 | D:3      | 2317 ||| READING 2 scrolls labelled NADDAX LAIPS.
  2318 | D:3      | 2318 ||| READING scroll labelled KOIGAU ACRYITZ.
  2319 | D:3      | 2319 ||| READING scroll labelled TUIMAGU HAMAETT.
  2320 | D:3      | 2320 ||| DROPPING scroll of poison.
  2356 | D:4      | HP: 7/32 [gnoll/+0 flail (6)]
  2358 | D:4      | Reached skill level 5 in Axes
  2360 | D:4      | HP: 3/32 [gnoll/+0 halberd of venom (1)]
  2361 | D:4      | Mangled by a gnoll

Levels and vault maps discovered:
D:1:      nicolae_arrival_memento_mori, layout_loops_ring
D:2:      layout_rooms, shapermc_ecumenical_altar_mp_vishouse,
          grunt_ministairs_10, nicolae_eternal_life, hangedman_decor_growths,
          nrook_campfire
D:3:      layout_loops_ring, gammafunk_ghost_arena, kennysheep_generic_room_9
D:4:      layout_rooms, nzn_wu_jian_contemplation, serial_shops, shop,
          uniq_menkaure

Skill      XL: |  1  2  3  4  5 |
---------------+----------------+-----
Axes           | 2 3 4 5 |  5.0
Fighting       | |  3.2
Armour         | |  3.2
Shields        | |  3.2

Action                     |  1- 3 |  4- 6 || total
---------------------------+-------+-------++-------
  Melee: War axe           |   128 |    39 ||   167
    Use: Scroll            |     2 |     3 ||     5
 Armour: Scale mail        |    54 |    25 ||    79
  Dodge: Dodged            |    47 |    18 ||    65
  Block: Buckler           |    24 |    15 ||    39

Table legend:
 A = Non-vault XP
 B = Vault XP
 C = Vault XP percentage of total XP
 D = Non-vault monster count
 E = Vault monster count
 F = Vault count percentage of total count
                 A         B        C        D         E       F
            +---------+---------+-------+---------+---------+-------
      Total |     223 |       4 |   1.8 |      49 |       3 |   5.8
            +---------+---------+-------+---------+---------+-------
        D:1 |      22 |       0 |   0.0 |      15 |       0 |   0.0
        D:2 |      22 |       2 |   8.3 |      12 |       2 |  14.3
        D:3 |     150 |       2 |   1.3 |      20 |       1 |   4.8
        D:4 |      29 |       0 |   0.0 |       2 |       0 |   0.0
            +---------+---------+-------+---------+---------+-------
